 Dungeon Crawl Stone Soup version 0.21-a0-641-geef9d7f (webtiles) character file.

176 mopl the Sneak (level 5, 0/35 HPs)
             Began as a Formicid Enchanter on Dec 30, 2017.
             Slain by a worker ant (2 damage)
             ... on level 4 of the Dungeon.
             The game lasted 00:06:21 (3078 turns).

mopl the Sneak (Formicid Enchanter)                 Turns: 3078, Time: 00:06:23

Health: 0/35       AC:  3    Str: 12    XL:     5   Next: 86%
Magic:  0/9        EV: 12    Int: 15    God:
Gold:   120        SH:  4    Dex: 12    Spells: 4/10 levels left

rFire    + . .     SeeInvis +   a - +0 rapier
rCold    + . .     Gourm    .   h - +0 buckler
rNeg     . . .     Faith    .   k - +0 robe {rC+ rF+}
rPois    .         Spirit   .   (helmet unavailable)
rElec    .         Reflect  .   (no cloak)
rCorr    .         Harm     .   (no gloves)
MR       .....                  q - +0 pair of boots
Stlth    +++.......             (no amulet)
HPRegen  0.11/turn              (no ring)
MPRegen  0.11/turn              (no ring)

@: lethally poisoned (0 -> -6), very slightly contaminated, invisible
A: permanent stasis, dig shafts and tunnels, four strong arms, antennae 3
a: Dig, Shaft Self


You were on level 4 of the Dungeon.
You were not hungry.

You visited 1 branch of the dungeon, and saw 4 of its levels.

You collected 120 gold pieces.

Inventory:

Hand Weapons
 a - a +0 rapier (weapon)
 b - a +0 blowgun
 o - a +1 dagger
Missiles
 p - 6 poisoned needles
 t - 4 curare-tipped needles
Armour
 h - a +0 buckler (worn)
 k - a +0 robe of resistance (worn)
 q - a +0 pair of boots (worn)
Scrolls
 g - a scroll of teleportation {unknown}
 j - 6 scrolls of remove curse
 l - a scroll of enchant weapon {unknown}
 m - a scroll of blinking {unknown}
 r - a scroll of amnesia {unknown}
 s - a scroll of immolation {unknown}
Potions
 f - a potion of flight
 n - a potion of cancellation
Books
 c - a book of Maledictions

   Spells                             Type                      Level
   a - Corona                         Hexes                        1
   b - Ensorcelled Hibernation        Hexes/Ice                    2
   c - Confuse                        Hexes                        3
   d - Tukima's Dance                 Hexes                        3
   e - Dazzling Spray                 Conjuration/Hexes            3
Comestibles
 d - 9 rations
 i - a chunk of flesh


   Skills:
 + Level 2.3 Short Blades
 - Level 1.7 Dodging
 + Level 4.5 Stealth
 + Level 2.3 Shields
 + Level 3.0 Spellcasting
 + Level 4.3 Hexes
 + Level 1.6 Ice Magic


You had 4 spell levels left.
You knew the following spells:

 Your Spells              Type           Power        Failure   Level  Hunger
a - Corona                Hex            ###....      3%          1    #......
b - Ensorcelled Hibernat  Hex/Ice        ##....       9%          2    ##.....
c - Confuse               Hex            ###.....     10%         3    ###....


Dungeon Overview and Level Annotations

Branches:
Dungeon (4/15)
 Temple: D:4-7

Altars:
Qazlal
Trog
The Shining One

Annotations:
D:4 Zhaine's ghost, novice TrAM


Innate Abilities, Weirdness & Mutations

You cannot be hasted, slowed, berserked, paralysed or teleported.
You can dig through walls and to a lower floor.
Your four strong arms can wield two-handed weapons with a shield.
You have a pair of large antennae on your head. (SInv)


Message History

Unknown command.
You aren't carrying any items that you can evoke.
Unknown command.
You hit the worker ant.
The worker ant is moderately wounded.
The worker ant bites you.
* * * LOW HITPOINT WARNING * * *
You closely miss the worker ant.
The worker ant is moderately wounded.
The worker ant bites you.
* * * LOW HITPOINT WARNING * * *
You are lethally poisoned!
The worker ant poisons you!
You fade into invisibility!
* * * LOW HITPOINT WARNING * * *
You feel sick. The worker ant bites you.
* * * LOW HITPOINT WARNING * * *
The worker ant waves its antennae.
The worker ant bites you.
You die...

#.........#....#
#.........#.##.#
##########.#.....##.#
...........#.######.#
...........#.# #.#
...........#.# #.#
.............# #.#
......#############.#
......# #......<@a..#
......# #.###########
......# ##......#
....###.# #.... .#
....{ # ...({. ....W#


You could see a worker ant.

Vanquished Creatures
  An orc priest (D:3)
  An orc wizard (D:3)
  A worker ant (D:4)
  4 adders
  A worm (D:2)
  2 dart slugs
  2 orcs (D:3)
  5 bats
  2 giant cockroaches (D:2)
  5 hobgoblins
  5 jackals
  A quokka (D:2)
  2 frilled lizards (D:2)
  6 goblins
  10 kobolds
  A quokka skeleton (D:3)
  5 rats
54 creatures vanquished.

Notes
Turn   | Place    | Note
-------+----------+-------------------------------------------
     0 | D:1      | mopl the Formicid Enchanter began the quest for the Orb.
     0 | D:1      | Reached XP level 1. HP: 13/13 MP: 3/3
   621 | D:1      | Reached XP level 2. HP: 12/19 MP: 3/5
   726 | D:1      | Learned a level 2 spell: Ensorcelled Hibernation
   863 | D:2      | Found a stormy altar of Qazlal.
  1007 | D:2      | Reached skill level 4 in Stealth
  1007 | D:2      | Reached skill level 1 in Shields
  1007 | D:2      | Reached XP level 3. HP: 24/24 MP: 6/6
  1012 | D:2      | Learned a level 3 spell: Confuse
  1420 | D:2      | Reached skill level 4 in Hexes
  1472 | D:2      | Reached XP level 4. HP: 20/30 MP: 0/7
  1507 | D:2      | Reached skill level 1 in Ice Magic
  1655 | D:2      | Found a glowing golden altar of the Shining One.
  2146 | D:3      | Found a bloodstained altar of Trog.
  2197 | D:3      | Reached skill level 2 in Short Blades
  2535 | D:3      | Reached skill level 2 in Shields
  2535 | D:3      | Reached XP level 5. HP: 5/35 MP: 1/9
  2540 | D:3      | Reached skill level 3 in Spellcasting
  3041 | D:4      | Noticed Zhaine's ghost (novice TrAM)
  3078 | D:4      | Slain by a worker ant

Vault maps used:
D:1:      dpeg_arrival_windows_large_door
D:2:      lemuel_doored_altar, lemuel_crystal_altar
D:3:      bloody_trog, first_ration
D:4:      kennysheep_little_box, overflow_temple_1_default, st_stairs_6,
          uniq_edmund, uniq_ijyb

Skill      XL: |  1  2  3  4  5 |
---------------+----------------+-----
Stealth        | 4 |  4.5
Shields        | 1 2 |  2.3
Hexes          | 4 |  4.3
Ice Magic      | 1 |  1.6
Short Blades   | 2 |  2.3
Spellcasting   | 3 |  3.0
Dodging        | |  1.7

Action                   |  1- 3 |  4- 6 || total
-------------------------+-------+-------++-------
Melee: Dagger            |    42 |       ||    42
       Rapier            |    30 |    66 ||    96
 Cast: Corona            |     7 |       ||     7
       Ensorcelled Hiber |     9 |    22 ||    31
 Abil: Dig               |       |     1 ||     1
  Use: Scroll            |       |     6 ||     6
       Potion            |       |     4 ||     4
 Stab: Sleeping          |    14 |    15 ||    29
       Distracted        |       |     1 ||     1
       Invisible         |       |     1 ||     1
  Eat: Chunk             |     2 |     7 ||     9
Armor: Robe              |    15 |    14 ||    29
Dodge: Dodged            |    36 |    52 ||    88
Block: Buckler           |     7 |     9 ||    16

Table legend:
 A = Spawn XP
 B = Non-spawn XP
 C = Spawn XP percentage of total XP
 D = Spawn monster count
 E = Non-spawn monster count
 F = Spawn count percentage of total count
 G = Total turns spent on level
                    A         B        C        D         E        F      G
               +---------+---------+-------+---------+---------+-------+---------
         Total |       0 |     252 |   0.0 |       0 |      54 |   0.0 |  3078
               +---------+---------+-------+---------+---------+-------+---------
           D:1 |       0 |      15 |   0.0 |       0 |       9 |   0.0 |   794
           D:2 |       0 |      64 |   0.0 |       0 |      22 |   0.0 |   996
           D:3 |       0 |     139 |   0.0 |       0 |      22 |   0.0 |  1139
           D:4 |       0 |      34 |   0.0 |       0 |       1 |   0.0 |   149
               +---------+---------+-------+---------+---------+-------+---------
